 Dungeon Crawl Stone Soup version 0.29.1-15-g9cfb28693d (webtiles) character file.

Game seed: 792844465830031112

591 Jase the Shield-Bearer (level 7, -9/55 HPs)
             Began as a Formicid Fighter on Apr 20, 2023.
             Was a Believer of Uskayaw.
             Mangled by an ogre
             ... wielding a +0 giant spiked club
              (25 damage)
             ... on level 5 of the Dungeon.
             The game lasted 00:06:58 (4513 turns).

Jase the Shield-Bearer (Formicid Fighter)           Turns: 4513, Time: 00:06:59

Health: -9/55      AC: 10    Str: 23    XL:     7   Next: 66%
Magic:  18/18      EV:  7    Int:  7    God:    Uskayaw [**....]
Gold:   238        SH:  5    Dex: 13    Spells: 6/6 levels left

rFire   . . .      SeeInvis +   a - +2 flail (holy)
rCold   . . .      Faith    .   c - +0 buckler
rNeg    . . .      Spirit   .   w - +0 chain mail
rPois   .          Reflect  .   (helmet unavailable)
rElec   .          Harm     .   (no cloak)
rCorr   .          Rampage  .   p - +0 pair of gloves
Will    .....                   (no boots)
Stlth   ..........              (no amulet)
HPRegen 0.18/turn               k - ring of magical power
MPRegen 0.16/turn               (no ring)

@: no status effects
A: permanent stasis, dig shafts and tunnels, antennae 3, four strong arms
a: Dig, Shaft Self, Renounce Religion, Stomp, Line Pass


You were on level 5 of the Dungeon.
You worshipped Uskayaw.
Uskayaw was noncommittal.
You visited 1 branch of the dungeon, and saw 5 of its levels.

You collected 238 gold pieces.

Inventory:

Hand Weapons
 a - a +2 flail of holy wrath (weapon)
 b - a +0 sling
Missiles
 e - 9 poisoned darts
 r - 26 stones
Armour
 c - a +0 buckler (worn)
 p - a +0 pair of gloves (worn)
 w - a +0 chain mail (worn)
Jewellery
 k - a ring of magical power (left hand)
Wands
 d - a wand of roots (7)
Scrolls
 i - a scroll of fear {unknown}
 l - 3 scrolls of identify {unknown}
 m - 4 scrolls of teleportation {unknown}
 o - a scroll of magic mapping {unknown}
 s - a scroll of blinking {unknown}
 t - a scroll of torment {unknown}
 v - a scroll of noise {unknown}
Potions
 f - a potion of degeneration {unknown}
 g - 5 potions of curing {unknown}
 h - 2 potions of attraction {unknown}
 j - 2 potions of mutation {unknown}
 n - a potion of magic {unknown}
 q - a potion of berserk rage {unknown}
 u - a potion of brilliance {unknown}


   Skills:
 + Level 4.8 Fighting
 * Level 5.0 Maces & Flails
 + Level 4.8 Armour
 + Level 5.7 Shields
 + Level 2.8 Invocations


You had 6 spell levels left.
You didn't know any spells.
Your spell library contained the following spells:

 Spells                   Type           Power      Damage    Failure   Level
 Magic Dart               Conj           0%         1d3       99%         1
 Sting                    Tmut/Pois      0%         1d3       99%         1
 Call Imp                 Summ           0%         N/A       99%         2
 Poisonous Vapours        Pois/Air       0%         N/A       99%         2
 Mephitic Cloud           Conj/Pois/Air  0%         N/A       100%        3
 Olgreb's Toxic Radiance  Pois           0%         N/A       100%        4


Dungeon Overview and Level Annotations

Branches:
Dungeon (5/15)
 Temple: D:4-7

Altars:
Elyvilon
Ru
Uskayaw
Zin

Annotations:
D:2 1 runed translucent door, Crazy Yiuf


Innate Abilities, Weirdness & Mutations

You cannot be hasted, slowed, berserked, paralysed or teleported.
You can dig through walls and to a lower floor.
You have a pair of large antennae on your head. (SInv)
Your four strong arms can wield two-handed weapons with a shield.


Message History

The orc closely misses you. The orc hits you with a +0 whip.
You block the orc's attack.
You hit the adder.
The adder is severely wounded.
The adder barely misses you. The orc closely misses you.
The orc hits you but does no damage. You block the orc's attack.
The adder bites you but does no damage.
You hit the adder.
The adder is severely wounded.
You block the adder's attack. The ogre completely misses you.
The orc hits you with a +0 war axe. The orc barely misses you.
The orc hits you with a +0 club. The orc hits you but does no damage.
You block the adder's attack. The orc completely misses you.
The orc hits you but does no damage.
You barely miss the adder.
The adder is severely wounded.
The ogre hits you with a +0 giant spiked club!
The adder barely misses you. The orc hits you but does no damage.
You block the orc's attack. The orc hits you with a +0 whip.
You sock the adder!
You kill the adder!
You block the orc's attack. You block the ogre's attack.
The orc hits you but does no damage. x2
You can now pass through a line of other dancers.
Your Maces & Flails skill increases to level 5!
You hit the ogre.
The ogre is lightly wounded.
The orc hits you with a +0 whip. The orc hits you with a +0 club.
The orc hits you with a +0 war axe.
* * * LOW HITPOINT WARNING * * *
Unknown command.
Okay, then.
You barely miss the ogre.
The ogre is lightly wounded.
The ogre barely misses you. The orc closely misses you.
You block the orc's attack. The orc hits you but does no damage.
You thump the ogre!
The ogre is severely wounded.
The ogre hits you with a +0 giant spiked club!!
You die...

#.. . ##.## #
.. ......# #.
... . #. ....#
.###.##.#.##...
......O........
......o@#
......oo#
.........
......#...
......##...
...... ...#
..... ...#
..... ...#


You could see an ogre and 3 orcs.

Vanquished Creatures
  Eustachio (D:4)
  Edmund (D:4)
  A scorpion (D:4)
  A hound (D:3)
  2 jellies (D:4)
  2 orc priests (D:4)
  4 adders
  2 worms
  3 dart slugs
  6 orcs
  6 ball pythons
  7 endoplasms
  4 giant cockroaches
  7 goblins
  4 hobgoblins
  3 jackals (D:1)
  6 kobolds
  5 quokkas
  2 bats
  10 frilled lizards
  11 rats
88 creatures vanquished.

Vanquished Creatures (others)
  4 plants (D:1)
4 creatures vanquished.

Grand Total: 92 creatures vanquished

Notes
Turn   | Place    | Note
-------+----------+-------------------------------------------
     0 | D:1      | Jase the Formicid Fighter began the quest for the Orb.
     0 | D:1      | Reached XP level 1. HP: 18/18 MP: 1/1
   157 | D:1      | Reached XP level 2. HP: 14/24 MP: 2/2
   522 | D:1      | Reached XP level 3. HP: 29/29 MP: 3/3
  1234 | D:2      | Reached XP level 4. HP: 35/37 MP: 4/4
  1832 | D:2      | Found a runed translucent door.
  1833 | D:2      | Noticed Crazy Yiuf
  2474 | D:3      | Found a hide-covered altar of Uskayaw.
  2474 | D:3      | Found a sacrificial altar of Ru.
  2485 | D:3      | Found a white marble altar of Elyvilon.
  2487 | D:3      | Found a faded altar of an unknown god.
  2488 | D:3      | Found a glowing silver altar of Zin.
  2508 | D:3      | Became a worshipper of Uskayaw the Reveller
  2668 | D:3      | Reached * piety under Uskayaw
  2889 | D:3      | Reached ** piety under Uskayaw
  2890 | D:3      | Reached XP level 5. HP: 34/42 MP: 5/5
  3069 | D:4      | Reached skill level 1 in Invocations
  3262 | D:4      | Noticed Edmund
  3272 | D:4      | Reached *** piety under Uskayaw
  3273 | D:4      | Killed Edmund
  3274 | D:4      | Reached skill level 5 in Shields
  3274 | D:4      | Reached XP level 6. HP: 22/48 MP: 7/7
  3713 | D:4      | Noticed Eustachio
  3735 | D:4      | Reached **** piety under Uskayaw
  3753 | D:4      | Killed Eustachio
  3754 | D:4      | Reached XP level 7. HP: 24/55 MP: 8/8
  4497 | D:5      | Entered Level 5 of the Dungeon
  4511 | D:5      | Reached skill level 5 in Maces & Flails
  4513 | D:5      | Mangled by an ogre

Illustrated notes

Levels and vault maps discovered:
D:1:      dpeg_arrival_more_subterranean_lakeside_camping, layout_loops_ring,
          minmay_lizard_king
D:2:      layout_loops_ring, mrwooster_statue_mirror, minivault_14,
          uniq_crazy_yiuf_cottage
D:3:      layout_loops_ring, chequers_temple_overflow_minitemple
D:4:      layout_loops_ring, grunt_ministairs_1, uniq_eustachio, uniq_edmund
D:5:      layout_cave_pools, lemuel_tele_altar, minmay_joined_circles,
          uniq_grinder

Skill      XL: |  1  2  3  4  5  6  7 |
---------------+----------------------+-----
Maces & Flails | 3 4 5 |  5.0
Fighting       | 4 |  4.8
Armour         | 4 |  4.8
Invocations    | 1 2 |  2.8
Shields        | 5 |  5.7

Action                   |  1- 3 |  4- 6 |  7- 9 || total
-------------------------+-------+-------+-------++-------
Melee: Flail             |    99 |   143 |    39 ||   281
  Use: Potion            |       |     2 |       ||     2
 Stab: Paralysed         |       |     1 |       ||     1
Armor: Scale mail        |    42 |    43 |       ||    85
       Chain mail        |       |    89 |    31 ||   120
Dodge: Dodged            |    39 |    72 |    21 ||   132
Block: Buckler           |    29 |    49 |    13 ||    91
